 Dungeon Crawl Stone Soup version 0.30-a0-1103-g25895a7845 (webtiles) character file.

Game seed: 4683403537741291979

1300 bande the Chopper (level 8, -4/49 HPs)
             Began as a Gargoyle Fighter on Apr 18, 2023.
             Was a Follower of Okawaru.
             Slain by a killer bee (6 damage)
             ... on level 6 of the Dungeon.
             The game lasted 00:08:03 (6021 turns).

bande the Chopper (Gargoyle Fighter)                Turns: 6021, Time: 00:08:03

Health: -4/49      AC: 21    Str: 19    XL:     8   Next: 57%
Magic:  9/9        EV:  5    Int: 10    God:    Okawaru [*.....]
Gold:   1464       SH: 10    Dex: 11    Spells: 7/7 levels left

rFire   . . .      SeeInvis .    a - +0 war axe
rCold   . . .      Faith    .    c - +0 buckler
rNeg    + . .      Spirit   .    e - +0 plate armour
rPois   ∞          Reflect  +    j - +0 helmet
rElec   +          Rampage  .    f - +1 cloak
rCorr   .                        (no gloves)
Will    .....                    (no boots) Stlth
                                 k - amulet of reflection
HPRegen 0.28/turn                (no ring)
MPRegen 0.11/turn                (no ring)

@: about to teleport
A: sickness immunity, AC +5, negative energy resistance 1, electricity
resistance, torment resistance 1, petrification resistance
a: Renounce Religion, Heroism


You were on level 6 of the Dungeon.
You worshipped Okawaru.
Okawaru was aware of your devotion.
You visited 2 branches of the dungeon, and saw 7 of its levels.

You collected 1464 gold pieces.

Inventory:

Hand Weapons
 a - a +0 war axe (weapon)
 h - a +0 flail
Missiles
 v - a throwing net (quivered)
Armour
 c - a +0 buckler (worn)
 e - a +0 plate armour (worn)
 f - a +1 cloak (worn)
 j - a +0 helmet (worn)
 l - a scarf of invisibility
Jewellery
 k - an amulet of reflection (around neck)
 u - a +5 ring of evasion
Wands
 r - a wand of roots (9)
Scrolls
 o - a scroll of fog
 x - a scroll of enchant armour
 z - a scroll of identify
Potions
 b - 4 potions of haste
 d - 5 potions of might
 g - a potion of flight
 i - a potion of ambrosia
 m - 2 potions of cancellation {unknown}
 n - a potion of berserk rage {unknown}
 p - a potion of heal wounds {unknown}
 q - 2 potions of curing
 s - a potion of mutation {unknown}
 t - a potion of brilliance
 w - a potion of resistance {unknown}


   Skills:
 + Level 5.0 Fighting
 + Level 5.8 Axes
 + Level 5.6 Armour
 + Level 5.6 Shields
 * Level 1.9 Invocations
 * Level 3.0 Evocations


You had 7 spell levels left.
You didn't know any spells.
Your spell library contained the following spells:

 Spells                   Type           Power      Damage    Failure   Level
 Necrotise                Necr           0%         1d4       100%        1
 Ensorcelled Hibernation  Hex/Ice        0%         N/A       100%        2
 Passwall                 Tmut/Erth      0%         N/A       100%        2
 Swiftness                Air            0%         N/A       100%        3
 Vampiric Draining        Necr           0%         2d6       100%        3
 Agony                    Necr           0%         N/A       100%        5


Dungeon Overview and Level Annotations

Branches:
Dungeon (6/15)             Temple (1/1) D:5

Altars:
Cheibriados
Elyvilon
Fedhas
Gozag
Hepliaklqana
Nemelex Xobeh
Okawaru
Qazlal
Ru
Trog
Uskayaw
Vehumet
Wu Jian
Xom
Yredelemnul
The Shining One


Innate Abilities, Weirdness & Mutations

You are immune to sickness and miasma.
Your stone body is resilient. (AC +5)
You are immune to poison.
You resist negative energy. (rN+)
You are resistant to electric shocks. (rElec)
You are resistant to unholy torment.
You are immune to petrification.


Message History

You block the killer bee's attack.
The killer bee stings you but does no damage. x3
You slash the killer bee!
You kill the killer bee!
Okawaru accepts your kill.
You miss the killer bee.
You hit the killer bee but do no damage.
You miss the killer bee. You hit the killer bee. You slash the killer bee!
The killer bee stings you but does no damage. x4
You block the killer bee's attack. x2
The killer bee stings you but does no damage.
You block the killer bee's attack. The killer bee barely misses you.
You block the killer bee's attack. The killer bee stings you.
* * * LOW HITPOINT WARNING * * *
The killer bee stings you.
* * * LOW HITPOINT WARNING * * *
The killer bee stings you but does no damage. x2
You block the killer bee's attack.
Your Fighting skill increases to level 5!
As you read the scroll of teleportation, it crumbles to dust.
You feel strangely unstable.
The killer bee stings you but does no damage.
You block the killer bee's attack. The killer bee barely misses you.
The killer bee stings you but does no damage. x2
The sleepcap barely misses you. You block the iguana's attack.
The killer bee stings you but does no damage.
The killer bee closely misses you.
The killer bee stings you but does no damage. x2
The killer bee stings you!
* * * LOW HITPOINT WARNING * * *
You feel better. You block the killer bee's attack. The killer bee stings you.
* * * LOW HITPOINT WARNING * * *
The killer bee stings you.
* * * LOW HITPOINT WARNING * * *
The killer bee stings you but does no damage. x2
The sleepcap releases spores at you but does no damage.
You block the iguana's attack.
The killer bee stings you but does no damage. x2
The killer bee stings you.
You die...

**,*,,,**,,***.........
***....,,#.,****.......#. **
*..,..<,,..,,*#,.......## ,***
*#..,..,,.#*,.#.,*,#..... ,,,****
*#.##.##.#,....##*#..... ,,,,,,**
##......##......,###...
,,,,,,,*###.......#.....#.###....
,,,,,,,,.......yfy......#........
,,,,,,,,.......y@y............###
,*,,,,,,.......y.l...............
***,,,,,,....##....#........##...
*,*,,,...........#..##.##......
***,<,...........#..##....###..
*,,,.......#...........(.#...
***,....................##...
*,,..................#......
**,,...>........##....###....


You could see a sleepcap, an iguana and 5 killer bees.

Vanquished Creatures
  A water moccasin (D:5)
  An ice beast (D:4)
  A black bear (D:4)
  2 ogres (D:6)
  A bullfrog (D:6)
  A gnoll sergeant (D:4)
  A killer bee (D:6)
  A howler monkey (D:4)
  4 hounds (D:4)
  Crazy Yiuf (D:2)
  A jelly (D:5)
  An orc priest (D:4)
  2 iguanas
  Natasha (thrice) (D:2)
  An orc wizard (D:6)
  14 gnolls
  5 adders
  A white imp (D:4)
  An ufetubus (D:5)
  3 worms
  2 dart slugs
  12 orcs
  2 ball pythons (D:2)
  5 bats
  An endoplasm (D:4)
  A giant cockroach (D:2)
  9 goblins
  6 hobgoblins
  4 jackals
  5 kobolds
  A quokka (D:4)
  6 frilled lizards
  4 rats
104 creatures vanquished.

Vanquished Creatures (others)
  5 toadstools (D:6)
5 creatures vanquished.

Grand Total: 109 creatures vanquished

Notes
Turn   | Place    | Note
-------+----------+-------------------------------------------
     0 | D:1      | bande the Gargoyle Fighter began the quest for the Orb.
     0 | D:1      | Reached XP level 1. HP: 14/14 MP: 1/1
   451 | D:1      | Reached XP level 2. HP: 19/19 MP: 2/2
   970 | D:2      | Reached XP level 3. HP: 17/23 MP: 3/3
  1152 | D:2      | Reached XP level 4. HP: 23/29 MP: 4/4
  1219 | D:2      | Noticed Natasha
  1238 | D:2      | Killed Natasha
  1436 | D:2      | Noticed Natasha
  1449 | D:2      | Killed Natasha
  1565 | D:2      | Reached XP level 5. HP: 33/33 MP: 5/5
  1742 | D:2      | Noticed Natasha
  1749 | D:2      | Killed Natasha
  1904 | D:2      | Found a runed translucent door.
  1905 | D:2      | Noticed Crazy Yiuf
  1913 | D:2      | Killed Crazy Yiuf
  2200 | D:3      | Identified a scroll of acquirement
  2200 | D:3      | Acquired 1056 gold pieces
  2655 | D:4      | Found a basalt altar of Yredelemnul.
  2738 | D:4      | Reached XP level 6. HP: 34/38 MP: 6/6
  2764 | D:4      | Noticed a black bear
  2771 | D:4      | Killed a black bear
  2772 | D:4      | Reached skill level 1 in Evocations
  3041 | D:4      | Reached XP level 7. HP: 38/44 MP: 7/7
  3513 | D:5      | Entered Level 5 of the Dungeon
  4171 | D:4      | Reached skill level 5 in Axes
  4171 | D:4      | Reached skill level 5 in Armour
  4909 | D:5      | Reached skill level 5 in Shields
  4993 | D:5      | Found a staircase to the Ecumenical Temple.
  5005 | Temple   | Entered the Ecumenical Temple
  5016 | Temple   | Became a worshipper of Warmaster Okawaru
  5246 | D:5      | Reached XP level 8. HP: 42/48 MP: 8/8
  5500 | D:5      | Reached skill level 1 in Invocations
  5986 | D:6      | Reached * piety under Okawaru
  6020 | D:6      | Reached skill level 5 in Fighting
  6021 | D:6      | HP: 2/49 [killer bee (5)]
  6021 | D:6      | Slain by a killer bee

Illustrated notes

Levels and vault maps discovered:
D:1:      kennysheep_arrival_forest, layout_basic
D:2:      layout_basic, st_stairs_8, reono_crystal_passage, minivault_25,
          uniq_crazy_yiuf_cottage, uniq_natasha
D:3:      cheibrodos_old_hovel, layout_rooms, roderic_roman_lattice,
          serial_bayou_pond_d
D:4:      layout_basic, mainiacjoe_overflow_chevrons, bh_walls_and_bars
D:5:      layout_cave_pools, minmay_temple_entry_large_hall,
          kennysheep_generic_room_6
D:6:      layout_cave_pools, minmay_gold_behind_fungi, uniq_grinder
Temple:   nicolae_temple_no_exploring_needed

Skill      XL: |  1  2  3  4  5  6  7  8 |
---------------+-------------------------+-----
Axes           | 2 3 4 5 |  5.8
Armour         | 4 5 |  5.6
Fighting       | 4 5 |  5.0
Shields        | 4 5 |  5.6
Evocations     | 1 2 3 |  3.0
Invocations    | 1 |  1.9

Action                     |  1- 3 |  4- 6 |  7- 9 || total
---------------------------+-------+-------+-------++-------
  Melee: War axe           |    89 |   126 |   230 ||   445
    Use: Scroll            |     6 |     6 |     4 ||    16
         Potion            |       |     1 |     1 ||     2
 Armour: Plate armour      |    73 |   100 |   259 ||   432
         Scale mail        |     4 |       |       ||     4
         Skin              |     1 |       |       ||     1
  Dodge: Dodged            |    28 |    28 |    70 ||   126
  Block: Buckler           |    28 |    69 |   214 ||   311
         Reflection        |       |     1 |     2 ||     3

Table legend: (Time is in decaauts)
 A = Elapsed time spent in this place.
 B = Non-inter-level travel time spent in this place.
 C = Inter-level travel time spent in this place.
 D = Time resting spent in this place.
 E = Time spent auto-exploring this place.
 F = Levels seen in this place.
 G = Mean time per level.
                   A        B        C        D        E       F      G
               +--------+--------+--------+--------+--------+-----+--------+
         Total |   6194 |   6030 |    164 |   1912 |   2988 |   7 |  884.9 |
       Dungeon |   6173 |   6009 |    164 |   1912 |   2988 |   6 | 1028.8 |
        Temple |     21 |     21 |      0 |      0 |      0 |   1 |   21.0 |
               +--------+--------+--------+--------+--------+-----+--------+

Top non-repeatable levels by time:
     D:4: 2165 daAuts
     D:2: 1344 daAuts
     D:5: 879 daAuts
     D:1: 845 daAuts
     D:3: 519 daAuts
     D:6: 418 daAuts
  Temple: 21 daAuts
